 Dungeon Crawl Stone Soup version 0.26-a0-540-g8a0c9464d7 (webtiles) character file.

Game seed: 5077652210453891152

635869 Apogee the Acrobat (level 27, -34/238 HPs)
             Began as a Merfolk Gladiator on Aug 19, 2020.
             Was the Champion of Yredelemnul.
             Annihilated by an Orb Guardian (38 damage)
             ... on level 5 of the Realm of Zot.
             The game lasted 03:24:49 (94954 turns).

Apogee the Acrobat (Merfolk Gladiator)             Turns: 94954, Time: 03:24:50

Health: -34/238    AC: 44    Str: 26      XL:     27
Magic:  34/47      EV: 26    Int:  7      God:    Yredelemnul [******]
Gold:   5407       SH:  0    Dex: 27 (30) Spells: 26/26 levels left

rFire    + + +     SeeInvis +   a - +1 glaive of Fedhas's Whim {flame, rPois rF+}
rCold    + + +     Faith    +   (shield currently unavailable)
rNeg     . . .     Spirit   .   r - +9 gold dragon scales
rPois    +         Reflect  .   s - +0 helmet
rElec    +         Harm     .   t - +2 cloak {MR+}
rCorr    .         NoCast   +   f - +2 pair of gloves {Dex+3}
MR       ++++.                  R - +1 pair of boots "Kasamp" {-Cast +Blink rC++ Dex+3}
Stlth    ..........             H - amulet of Vatoe {Faith rF+ Dex+3}
HPRegen  0.49/turn              Z - ring "Biol" {rElec rPois MP+9 Str+4 Slay+4 Stlth-}
MPRegen  0.30/turn              L - ring of see invisible

@: silence (expiring), no potions
A: change form in water, swift swim, stealthy swim, claws 1, repulsion field 1,
iridescent scales 1, deterioration 1, magic resistance 1, mutation resistance 1
}: 4/15 runes: decaying, slimy, silver, gossamer
a: Renounce Religion, Evoke Blink


You were on level 5 of the Realm of Zot.
You worshipped Yredelemnul.
Yredelemnul was exalted by your worship.
You visited 12 branches of the dungeon, and saw 58 of its levels.
You visited the Abyss 1 time.

You collected 7534 gold pieces.
You spent 2127 gold pieces at shops.

Inventory:

Hand Weapons
 a - the +1 glaive of Fedhas's Whim (weapon) {flame, rPois rF+}
   (You found it on level 4 of the Lair of Beasts)

   It has been specially enchanted to burn those struck by it, causing extra
   injury to most foes and up to half again as much damage against particularly
   susceptible opponents.
   Big, fiery blades are also staple armaments of hydra-hunters.
   It protects you from fire.
   It protects you from poison.
 b - the +3 triple crossbow of the Insatiable Priests {penet, Int+3}
   (You took it off a vault warden on level 5 of the Vaults)

   Ammo fired by it will pass through the targets it hits, potentially hitting
   all targets in its path until it reaches maximum range.
   It affects your intelligence (+3).
Missiles
 c - 12 silver javelins (quivered)
 Y - 150 bolts
Armour
 f - a +2 pair of gloves of dexterity (worn)
   (You found it on level 3 of the Depths)
 r - +9 gold dragon scales (worn)
   (You found it on level 5 of the Vaults)
 s - a +0 helmet (worn)
   (You found it on level 2 of the Elven Halls)
 t - a +2 cloak of magic resistance (worn)
   (You found it on level 1 of the Vaults)
 R - the +1 pair of boots "Kasamp" (worn) {-Cast +Blink rC++ Dex+3}
   (You found it on level 2 of the Depths)

   It affects your dexterity (+3).
   It greatly protects you from cold.
   It lets you blink.
   It prevents spellcasting.
Jewellery
 e - an uncursed amulet of regeneration
   (You took it off a deep elf sorcerer on level 3 of the Elven Halls)
 g - an uncursed ring of resist corrosion
   (You found it on level 1 of the Dungeon)
 i - an uncursed ring of protection from fire
   (You found it on level 3 of the Vaults)
 l - the ring "Omie" {rN+ Str+5 Int+2}
   (You found it on level 3 of the Crypt)

   [ring of positive energy]

   It affects your strength (+5).
   It affects your intelligence (+2).
   It protects you from negative energy.
 o - an uncursed ring of protection from cold
   (You found it on level 8 of the Dungeon)
 E - the ring "Dimuru" {Wiz rF+ Str+3 Int+4}
   (You took it off a deep elf mage on level 3 of the Elven Halls)

   [ring of wizardry]

   It improves your spell success rate.
   It affects your strength (+3).
   It affects your intelligence (+4).
   It protects you from fire.
 H - the amulet of Vatoe (around neck) {Faith rF+ Dex+3}
   (You bought it in a shop on level 2 of the Orcish Mines)

   [amulet of faith]

   It allows you to gain divine favour quickly.
   It affects your dexterity (+3).
   It protects you from fire.
 L - a ring of see invisible (right hand)
   (You found it on level 2 of the Dungeon)
 O - an uncursed ring of positive energy
   (You found it on level 9 of the Dungeon)
 Q - the ring of Zoeraoh {rN+ Str+4 Dex-5 Slay+6}
   (You found it on level 3 of the Crypt)

   [ring of positive energy]

   It affects your strength (+4).
   It affects your dexterity (-5).
   It affects your accuracy and damage with ranged weapons and melee attacks
   (+6).
   It protects you from negative energy.
 T - a +6 ring of strength
   (You found it on level 2 of the Swamp)
 Z - the ring "Biol" (left hand) {rElec rPois MP+9 Str+4 Slay+4 Stlth-}
   (You took it off a deep elf mage on level 3 of the Elven Halls)

   [ring of magical power]

   It affects your strength (+4).
   It affects your accuracy and damage with ranged weapons and melee attacks
   (+4).
   It insulates you from electricity.
   It protects you from poison.
   It affects your magic capacity (+9).
   It makes you less stealthy.
Wands
 d - a wand of iceblast (7)
   (You found it on level 5 of the Realm of Zot)
 v - a wand of digging (9)
   (You found it on level 5 of the Dungeon)
 x - a wand of acid (14)
   (You found it on level 12 of the Dungeon)
Scrolls
 h - 35 scrolls of teleportation {@r4}
 k - 12 scrolls of enchant weapon
 n - a scroll of enchant armour
 u - 5 scrolls of amnesia
 w - 28 scrolls of remove curse {@r2}
 y - 4 scrolls of fog
 z - 20 scrolls of identify {@r1}
 A - 2 scrolls of silence
 B - 5 scrolls of vulnerability {!r}
 C - a scroll of immolation {!r}
 I - 9 scrolls of blinking
 N - 2 scrolls of fear
 W - 2 scrolls of torment {!r}
Potions
 j - 9 potions of lignification {!q}
 m - 15 potions of curing {@q1}
 p - 3 potions of cancellation
 q - 6 potions of flight
 F - 5 potions of heal wounds {@q2}
 G - a potion of haste {@q3}
 J - 2 potions of might
 K - 3 potions of invisibility
 M - 15 potions of ambrosia
 S - 2 potions of magic
 U - 4 potions of berserk rage
 V - a potion of resistance
 X - 2 potions of mutation {!q}
Miscellaneous
 D - a phantom mirror
   (You found it on level 1 of the Vaults)
 P - a phantom mirror
   (You found it on level 3 of the Realm of Zot)


   Skills:
 - Level 24.0 Fighting
 - Level 20.0 Polearms
 - Level 9.8 Crossbows
 - Level 16.0 Throwing
 + Level 17.8 Armour
 - Level 24.0 Dodging
 - Level 22.1 Invocations
 - Level 8.0 Evocations


You had 26 spell levels left.
You didn't know any spells.
Your spell library contained the following spells:

 Spells                   Type           Power        Failure   Level
 Animate Skeleton         Necr           #.....       100%        1
 Apportation              Tloc           #.....       100%        1
 Beastly Appendage        Tmut           #.....       100%        1
 Corona                   Hex            #......      100%        1
 Foxfire                  Conj/Fire      #...         100%        1
 Freeze                   Ice            #...         100%        1
 Pain                     Necr           #...         100%        1
 Shock                    Conj/Air       #...         100%        1
 Summon Small Mammal      Summ           #...         100%        1
 Blink                    Tloc           N/A          100%        2
 Corpse Rot               Necr/Air       N/A          100%        2
 Ensorcelled Hibernation  Hex/Ice        #.....       100%        2
 Passwall                 Tmut/Erth      #.......     100%        2
 Poisonous Vapours        Pois/Air       #.....       100%        2
 Slow                     Hex            #.......     100%        2
 Sublimation of Blood     Necr           #.........   100%        2
 Swiftness                Air            #.......     100%        2
 Wereblood                Tmut           #.......     100%        2
 Confusing Touch          Hex            #.......     100%        3
 Conjure Flame            Conj/Fire      #.......     100%        3
 Frozen Ramparts          Ice            #.....       100%        3
 Gell's Gravitas          Tloc           #.........   100%        3
 Ignite Poison            Fire/Tmut/Pois #.......     100%        3
 Inner Flame              Hex/Fire       #.......     100%        3
 Lesser Beckoning         Tloc           #.........   100%        3
 Mephitic Cloud           Conj/Pois/Air  #.......     100%        3
 Ozocubu's Armour         Ice            #.......     100%        3
 Portal Projectile        Hex/Tloc       #.....       100%        3
 Spider Form              Tmut/Pois      #.........   100%        3
 Static Discharge         Conj/Air       #.......     100%        3
 Stone Arrow              Conj/Erth      #.....       100%        3
 Teleport Other           Tloc           #.......     100%        3
 Vampiric Draining        Necr           #.........   100%        3
 Airstrike                Air            #.........   100%        4
 Animate Dead             Necr           #.........   100%        4
 Cause Fear               Hex            #.........   100%        4
 Dispel Undead            Necr           #.......     100%        4
 Hailstorm                Conj/Ice       #.......     100%        4
 Ice Form                 Ice/Tmut       #.......     100%        4
 Iskenderun's Mystic Bla  Conj/Tloc      #.......     100%        4
 Leda's Liquefaction      Hex/Erth       #.........   100%        4
 Passage of Golubria      Tloc           N/A          100%        4
 Petrify                  Tmut/Erth      #.......     100%        4
 Sticky Flame             Conj/Fire      #.......     100%        4
 Summon Ice Beast         Ice/Summ       #.......     100%        4
 Summon Lightning Spire   Summ/Air       #.......     100%        4
 Agony                    Necr           #.......     100%        5
 Blade Hands              Tmut           #.........   100%        5
 Borgnjor's Vile Clutch   Necr/Erth      #.........   100%        5
 Fireball                 Conj/Fire      #.........   100%        5
 Lee's Rapid Deconstruct  Erth           #.........   100%        5
 Lightning Bolt           Conj/Air       #.........   100%        5
 Metabolic Englaciation   Hex/Ice        #.........   100%        5
 Silence                  Hex/Air        #.........   100%        5
 Summon Demon             Summ           #.........   100%        5
 Summon Forest            Summ/Tloc      #.........   100%        5
 Summon Mana Viper        Hex/Summ       #.......     100%        5
 Yara's Violent Unravell  Hex/Tmut       #.........   100%        5
 Death Channel            Necr           #.........   100%        6
 Eringya's Noxious Bog    Tmut/Pois      #.........   100%        6
 Freezing Cloud           Conj/Ice/Air   #.........   100%        6
 Hydra Form               Tmut           #.........   100%        6
 Invisibility             Hex            #.......     100%        6
 Iron Shot                Conj/Erth      #.........   100%        6
 Shadow Creatures         Summ           N/A          100%        6
 Simulacrum               Ice/Necr       #.........   100%        6
 Dragon Form              Tmut           #.........   100%        7
 Spellforged Servitor     Conj/Summ      #.........   100%        7
 Summon Hydra             Summ           #.........   100%        7
 Controlled Blink         Tloc           N/A          100%        8
 Discord                  Hex            #.........   100%        8
 Ignition                 Fire           #.........   100%        8
 Death's Door             Necr           #.........   100%        9
 Shatter                  Erth           #.........   100%        9
 Tornado                  Air            #.........   100%        9


Dungeon Overview and Level Annotations

Branches:
Dungeon (15/15)            Temple (1/1) D:5            Lair (6/6) D:11
  Swamp (4/4) Lair:3       Spider (4/4) Lair:2        Slime (5/5) Lair:6
    Orc (2/2) D:9             Elf (3/3) Orc:2        Vaults (5/5) D:13
  Crypt (3/3) Vaults:3       Tomb (0/3) Crypt:3      Depths (5/5) D:15
    Zot (5/5) Depths:5

Altars:
Ashenzari
Cheibriados
Dithmenos
Elyvilon
Fedhas
Gozag
Hepliaklqana
Kikubaaqudgha
Makhleb
Nemelex Xobeh
Okawaru
Ru
Sif Muna
Uskayaw
Vehumet
Wu Jian
Yredelemnul
Zin
The Shining One
Beogh
Jiyva

Shops:
D:5 [   D:12 (   D:15 }   Orc:2 =[==   Vaults:1 [   Vaults:2 (   Vaults:5 [[?!
Depths:3 }

Portals:
Hell: Depths:1 Depths:2 Depths:3 Depths:4 Depths:5
Abyss: Depths:4 Depths:5
Pandemonium: Depths:3
Ziggurat: Depths:1

Annotations:
D:1 1 runed translucent door
D:3 3 runed translucent doors, aaksess's ghost, amateur GnFi
D:4 3 runed translucent doors, Yorgos's ghost, amateur PaFi
Lair:4 1 runed translucent door, Ahetudd's ghost, journeyman MiFi
Swamp:4 Lernaean hydra
Elf:1 1 runed translucent door, Fixaar's ghost, adept DrVM
Elf:2 3 runed translucent doors
Vaults:3 3 runed translucent doors
Zot:5 1 runed translucent door, Nahar's ghost, legendary DDFi


Innate Abilities, Weirdness & Mutations

You revert to your normal form in water.
You are very nimble and swift while swimming.
You are very stealthy in the water. (Stealth+)
You have sharp fingernails.
You are surrounded by a mild repulsion field. (EV +2)
You are partially covered in iridescent scales. (AC +2)
Your body sometimes deteriorates upon taking damage.
You are resistant to hostile enchantments. (MR+)
You are somewhat resistant to further mutation.


Message History

You kill the moth of wrath!
Yredelemnul accepts your kill.
You feel life flooding into your body.
The world stops spinning.
The Orb Guardian completely misses you. x2; The Orb Guardian hits you!!!
The Killer Klown elbows you with a +12 club of electrocution!
The Killer Klown throws klown pie at you.
The klown pie hits you.
Blueberry!
An unnatural silence engulfs you. The Orb Guardian barely misses you. x3
An Orb Guardian comes into view.
The Killer Klown trip-wires you but does no damage.
The Killer Klown blinks!
The Orb Guardian hits you but does no damage. x2
The Orb Guardian completely misses you. x2
The Killer Klown throws klown pie at you.
The klown pie hits you!
Blueberry!
You feel your silence will last longer. The Orb Guardian misses you.
The Orb Guardian hits you!
Unknown command.
The Orb Guardian misses you. The Orb Guardian hits you.
The Orb Guardian misses you. The Orb Guardian closely misses you.
The Orb Guardian hits you!!
Your body deteriorates!
You feel clumsy.
The Orb Guardian hits you but does no damage.
The Killer Klown blinks!
The Orb Guardian hits you!!!
* * * LOW HITPOINT WARNING * * *
Your body deteriorates!
You feel clumsy. The Orb Guardian barely misses you.
The Orb Guardian misses you.
Okay, then.
Unknown command.
Okay, then.
Okay, then.
The Orb Guardian hits you but does no damage.
The Orb Guardian misses you.
The Killer Klown blinks!
The Orb Guardian misses you.
The Killer Klown blinks!
The Orb Guardian hits you but does no damage.
The Orb Guardian hits you!!
* * * LOW HITPOINT WARNING * * *
There is a stone staircase leading up, spattered with blood here.
The Orb Guardian hits you!!
* * * LOW HITPOINT WARNING * * *
The Orb Guardian completely misses you. The Orb Guardian hits you!
* * * LOW HITPOINT WARNING * * *
The Killer Klown blinks!
The Orb Guardian hits you but does no damage.
The Killer Klown blinks!
The Orb Guardian hits you!
* * * LOW HITPOINT WARNING * * *
The Orb Guardian hits you!!!
You die...
Your body rises from the dead as a mindless zombie.

,,,** *#..........)..## ##.^...
,,** *^.....XX.p.....# ##....
###▓▓▓▓########.########▓▓▓▓#####
..............§.X..............#
................X..............#
...##...#####.....#######....###
...##.....###...X.#######....####
..#............XXX...............
###...........§.@X..........<....
#######...⌠......................
#W...:#..######...#######...#####
+≈≈≈≈$#..# #p..# #....#
#....=#..# #...# #....#
########## ##### #.#### #.....#
#<# #.....# #.# #.....# #.#


You could see a Killer Klown and 9 Orb Guardians.

Vanquished Creatures
  the Royal Jelly (Slime:5)
  Dissolution (Slime:5)
  Khufu (Crypt:3)
  An orb of fire (Zot:5)
  Mara (Swamp:3)
  2 ancient liches
  A juggernaut (Depths:3)
  2 Killer Klowns
  Margery (Vaults:5)
  A bone dragon (Depths:5)
  6 golden dragons
  A profane servitor (Crypt:3)
  2 electric golems
  5 tentacled monstrosities
  3 deep elf blademasters (Elf:3)
  10 Orb Guardians (Zot:5)
  3 liches
  7 quicksilver dragons
  7 titans
  19 acid blobs
  A deep elf master archer (Elf:3)
  5 death cobs
  4 ancient champions
  4 sphinxes
  4 tengu reavers
  7 draconian monks
  5 shadow dragons
  Donald (Crypt:2)
  A shadow dragon (shapeshifter) (Depths:2)
  10 storm dragons
  A revenant (Crypt:2)
  17 azure jellies
  12 fire giants
  3 ghost moths
  A draconian knight (Zot:1)
  12 frost giants
  An iron dragon (Vaults:5)
  9 vault wardens
  A balrug (Depths:1)
  8 deep elf sorcerers
  4 emperor scorpions
  8 ironheart preservers
  An orc warlord (Depths:1)
  A curse skull (Crypt:1)
  4 draconian shifters
  3 draconian scorchers
  11 ghouls
  2 spriggan defenders (Depths:2)
  A draconian annihilator (Zot:2)
  2 draconian stormcallers
  3 deep elf elementalists
  9 very ugly things
  A reaper (Zot:2)
  6 vampire knights
  A war gargoyle (Vaults:5)
  4 entropy weavers
  23 stone giants
  11 green draconians
  5 deep elf demonologists
  4 black draconians
  6 deep elf annihilators
  7 yellow draconians
  3 spark wasps
  9 red draconians
  2 purple draconians
  16 deep elf death magi
  A merfolk javelineer (Depths:2)
  4 white draconians
  6 death oozes (Slime:5)
  14 fire dragons
  3 eidola
  15 ettins
  Josephine (D:12)
  A crystal guardian (Vaults:4)
  12 jiangshi
  A mummy priest (Crypt:3)
  Fannar (D:11)
  4 deep elf high priests
  15 yaktaur captains
  9 great orbs of eyes
  14 ice dragons
  A rakshasa (Vaults:1)
  33 vault guards
  5 spriggan air magi
  A hell beast (Depths:3)
  A catoblepas (Lair:6)
  A ghost crab (Swamp:3)
  11 hydras
  A hydra (shapeshifter) (Vaults:5)
  41 two-headed ogres
  6 death knights
  A shambling mangrove (Swamp:1)
  6 centaur warriors
  6 tengu warriors
  7 death yaks
  8 dancing weapons
  6 alligators
  A death yak (shapeshifter) (Depths:3)
  14 ogre magi
  3 orc high priests
  4 deep troll shamans
  7 vampire magi
  7 spriggan berserkers
  18 deep elf knights
  A small abomination (Crypt:3)
  17 skeletal warriors
  12 hell knights
  2 fire crabs (shapeshifter)
  3 shadow wraiths
  An iron troll (Depths:4)
  A sixfirhy (Depths:3)
  10 deep trolls
  2 glowing orange brains
  An unseen horror (shapeshifter) (Depths:2)
  A spriggan druid (Swamp:4)
  4 wizards
  4 flayed ghosts
  An unseen horror (Vaults:1)
  3 swamp dragons (Swamp:4)
  An entropy weaver zombie (Crypt:1)
  6 ironbrand convokers
  An orange crystal statue (Elf:3)
  A lindwurm (shapeshifter) (Depths:3)
  3 deep elf archers
  9 phantasmal warriors
  13 orc knights
  4 harpies (Vaults:1)
  47 deep elf magi
  12 necromancers
  7 orc sorcerers
  8 orb spiders
  16 wolf spiders
  9 shining eyes
  An orb spider (shapeshifter) (Vaults:2)
  37 ugly things
  13 moths of wrath
  A fire giant zombie (Depths:2)
  A manticore (D:15)
  5 cyclopes
  2 frost giant skeletons
  2 rust devils (Depths:3)
  A black mamba (Lair:5)
  10 vault sentinels
  3 eyes of devastation
  A centaur zombie (D:13)
  2 torpor snails
  25 cane toads
  A water nymph (shapeshifter) (Elf:3)
  8 elephants
  A grey draconian zombie (Crypt:2)
  2 gargoyles
  A titan simulacrum (Crypt:3)
  A centaur skeleton (D:15)
  A human zombie (Vaults:4)
  A rime drake (shapeshifter) (Vaults:4)
  5 rime drakes (Lair:6)
  9 komodo dragons
  A grey draconian skeleton (Crypt:1)
  6 kobold demonologists (D:14)
  4 freezing wraiths
  2 demonic crawlers
  5 guardian mummies (Crypt:3)
  23 yaktaurs
  3 tengu conjurers
  A catoblepas skeleton (Crypt:3)
  A queen bee (Depths:2)
  2 ice devils (D:11)
  A troll (Orc:1)
  A meliai (shapeshifter) (Vaults:1)
  A white draconian skeleton (Crypt:2)
  17 jumping spiders
  3 polar bears
  A harpy skeleton (Crypt:3)
  A wind drake (shapeshifter) (Elf:2)
  2 polar bears (shapeshifter)
  An elf zombie (Depths:2)
  8 hornets
  5 hippogriffs
  16 blink frogs
  8 tyrant leeches
  A hippogriff (shapeshifter) (Depths:2)
  A slime creature (shapeshifter) (Depths:4)
  A snapping turtle (shapeshifter) (Depths:4)
  3 bog bodies
  99 slime creatures
  A stone giant simulacrum (Depths:2)
  A centaur simulacrum (D:14)
  A frost giant simulacrum (Vaults:2)
  An ettin skeleton (Crypt:3)
  8 water elementals
  4 vampires
  A deep troll skeleton (Depths:1)
  A large abomination (Abyss:1)
  4 spriggans
  2 air elementals
  45 redbacks
  A ynoxinul (Depths:3)
  6 wyverns
  A shadow (D:14)
  A tarantella (shapeshifter) (Depths:3)
  36 yaks
  An ice dragon skeleton (Crypt:1)
  14 tarantellas
  9 wraiths
  A fire dragon skeleton (Crypt:2)
  3 hogs (Lair:4)
  A yak (shapeshifter) (Vaults:3)
  2 fire elementals
  5 basilisks
  2 steam dragons
  5 golden eyes (Slime:4)
  A glowing shapeshifter zombie (Crypt:1)
  28 vampire mosquitoes
  A steam dragon (shapeshifter) (Depths:4)
  2 insubstantial wisps (D:11)
  9 swamp worms
  5 wargs
  A soldier ant (D:13)
  An acid dragon (D:10)
  7 water moccasins
  A floating eye (shapeshifter) (Vaults:5)
  3 porcupines
  9 swamp drakes
  An ice beast (shapeshifter) (Vaults:5)
  A manticore zombie (Crypt:1)
  5 ice beasts
  7 sky beasts
  39 orc warriors
  5 necrophages
  4 eyes of draining
  6 boggarts
  3 phantoms
  8 centaurs
  A boggart (shapeshifter) (Depths:1)
  37 ogres
  6 wolves
  2 big kobolds
  8 crocodiles
  2 big kobolds (shapeshifter)
  22 bullfrogs
  A palentonga skeleton (Crypt:1)
  2 gnoll sergeants
  4 earth elementals
  A wyvern skeleton (D:14)
  5 scorpions
  2 water moccasin skeletons
  16 killer bees (Depths:2)
  A polar bear skeleton (Crypt:2)
  8 wights
  A howler monkey (D:6)
  5 electric eels
  5 crimson imps (D:9)
  2 bullfrog zombies
  6 jellies
  2 quasits
  31 orc wizards
  2 hounds
  33 orc priests
  An iron imp (Depths:4)
  12 iguanas
  2 bullfrog skeletons
  11 worker ants
  A hound zombie (D:8)
  2 worker ant zombies
  A cane toad zombie (Lair:6)
  An alligator zombie (Swamp:3)
  10 gnolls
  13 adders
  A swamp drake zombie (Crypt:2)
  5 shadow imps
  2 white imps
  2 ufetubi
  3 oozes (Lair:6)
  A halfling zombie (Crypt:1)
  5 worms
  2 dart slugs
  5 leopard geckos
  117 orcs
  2 ball pythons
  6 bats
  A bat skeleton (Crypt:1)
  8 giant cockroaches
  9 goblins
  8 hobgoblins
  8 jackals
  A quokka (D:4)
  4 frilled lizards
  A frilled lizard zombie (Crypt:1)
  A jackal zombie (D:5)
  17 kobolds
  2 leopard gecko skeletons
  A leopard gecko zombie (D:5)
  A quokka zombie (D:5)
  7 rats
  3 crawling corpses (Elf:3)
  A plant (Swamp:4)
1958 creatures vanquished.

Vanquished Creatures (collateral kills)
  An ancient lich (Vaults:5)
  A juggernaut (Depths:3)
  A greater mummy (Crypt:3)
  2 curse toes (Zot:4)
  2 golden dragons
  Nikola (Depths:1)
  A profane servitor (Crypt:3)
  5 liches
  3 tentacled monstrosities
  2 titans (Vaults:5)
  A quicksilver dragon (Depths:2)
  A deep elf master archer (Elf:3)
  An acid blob (Slime:5)
  2 sphinxes
  4 death cobs (Zot:1)
  4 ancient champions (Crypt:3)
  A thorn hunter (Swamp:3)
  3 tengu reavers
  2 storm dragons
  2 revenants (Crypt:3)
  5 shadow dragons (Vaults:5)
  An azure jelly (Slime:5)
  4 fire giants
  3 deep elf sorcerers
  4 frost giants
  A draconian knight (Zot:5)
  6 vault wardens
  2 orc warlords
  A ghost moth (shapeshifter) (Depths:2)
  5 ghost moths
  An emperor scorpion (Spider:4)
  An iron dragon (Vaults:5)
  7 ghouls
  A draconian shifter (Zot:1)
  2 deep elf elementalists
  9 very ugly things
  5 ironheart preservers
  2 draconian annihilators
  3 entropy weavers
  11 stone giants
  A vampire knight (Vaults:3)
  Nessos (D:15)
  2 spark wasps
  4 deep elf annihilators
  2 black draconians
  An eidolon (Crypt:1)
  A deep elf death mage (Elf:3)
  A deep elf high priest (Elf:3)
  7 jiangshi
  2 mummy priests (Crypt:3)
  5 ettins
  6 ogre magi
  5 fire dragons
  4 yaktaur captains
  3 hydras
  A vault guard (Vaults:4)
  2 great orbs of eyes
  A rakshasa (Depths:1)
  2 ice dragons
  3 spriggan air magi
  A death knight (Crypt:3)
  4 alligators
  13 two-headed ogres
  2 dancing weapons (Elf:2)
  A tengu warrior (Depths:3)
  3 centaur warriors
  4 deep troll shamans
  3 deep troll earth magi
  5 deep elf knights
  2 soul eaters
  A shock serpent (shapeshifter) (Vaults:5)
  3 vampire magi
  3 orc high priests
  4 spriggan berserkers
  2 sun demons (Depths:1)
  Nergalle (Lair:4)
  2 shadow wraiths (Crypt:3)
  2 hell knights
  4 deep trolls
  2 iron trolls
  3 flayed ghosts
  A spriggan druid (Swamp:2)
  3 wizards
  A glowing orange brain (Depths:1)
  4 necromancers
  8 orc knights
  A golden dragon skeleton (Crypt:3)
  A harpy (Vaults:1)
  8 deep elf archers
  4 phantasmal warriors
  8 ironbrand convokers
  5 swamp dragons (Swamp:4)
  10 orb spiders
  16 deep elf magi
  14 wolf spiders
  3 stone giant zombies
  An orc sorcerer (Depths:1)
  3 moths of wrath (Zot:1)
  9 ugly things
  A fire giant skeleton (Depths:2)
  A fire giant zombie (Depths:1)
  2 stone giant skeletons (Crypt:3)
  A frost giant skeleton (Crypt:3)
  A naga mage (D:15)
  3 elephants
  A black mamba (Lair:4)
  3 vault sentinels
  A torpor snail (Lair:2)
  A titan simulacrum (Crypt:3)
  A shock serpent skeleton (Crypt:3)
  7 cane toads
  8 demonic crawlers
  17 yaktaurs
  3 rime drakes
  5 komodo dragons
  A dire elephant skeleton (Crypt:3)
  4 freezing wraiths
  A black draconian skeleton (Crypt:2)
  A yaktaur skeleton (Vaults:4)
  5 guardian mummies (Crypt:3)
  A tengu conjurer (Depths:1)
  7 hornets
  3 tyrant leeches
  26 jumping spiders
  A queen bee (shapeshifter) (Elf:3)
  2 pale draconian skeletons
  A polar bear (Lair:3)
  12 slime creatures
  A harpy skeleton (D:14)
  2 bog bodies
  10 blink frogs
  A tarantella zombie (Crypt:3)
  An ettin zombie (Crypt:1)
  4 hippogriffs
  13 tarantellas
  An air elemental (Elf:2)
  2 ettin skeletons
  3 spriggans
  22 yaks
  A spriggan (shapeshifter) (Vaults:1)
  3 water elementals (Depths:2)
  4 wraiths
  2 wyverns
  A vampire (Vaults:3)
  A redback (shapeshifter) (Vaults:5)
  3 ushabtiu (Crypt:3)
  38 redbacks
  A black mamba skeleton (Crypt:3)
  2 hogs (Lair:4)
  A human (shapeshifter) (Vaults:5)
  A fire elemental (Elf:3)
  8 vampire mosquitoes
  A basilisk (Lair:6)
  2 acid dragons
  An acid dragon (shapeshifter) (Depths:1)
  4 swamp worms
  6 water moccasins
  3 porcupines
  14 orc warriors
  A sky beast (D:11)
  A snapping turtle zombie (Crypt:3)
  4 swamp drakes
  An eye of draining (D:15)
  20 ogres
  A necrophage (Crypt:3)
  4 wolves
  2 boggarts
  A centaur (Depths:1)
  3 crocodiles
  7 bullfrogs
  A hippogriff skeleton (Crypt:2)
  2 scorpions (Lair:2)
  3 killer bees (Depths:2)
  5 electric eels
  2 wights (D:12)
  2 crimson imps (D:9)
  4 orc priests
  A hound (D:11)
  A demonspawn skeleton (Crypt:3)
  An iguana (D:12)
  3 orc wizards
  A worker ant (D:14)
  A porcupine skeleton (Crypt:3)
  A redback zombie (Spider:4)
  2 mummies (Crypt:3)
  A deep troll zombie (Vaults:5)
  An adder (D:10)
  A two-headed ogre zombie (Vaults:5)
  A worm (shapeshifter) (Vaults:5)
  2 worms (Lair:2)
  17 orcs
  A giant cockroach (Lair:2)
  3 ogre zombies (Vaults:5)
  A gnoll skeleton (Crypt:3)
  A bush (Lair:5)
  2 crawling corpses (Vaults:4)
  7 fungi
  7 plants
731 creatures vanquished.

Vanquished Creatures (others)
  6 bone dragons
  4 profane servitors
  Kirke (Lair:4)
  A spectral angel (Vaults:5)
  13 ghouls
  9 vampire knights
  An ogre mage (Vaults:2)
  A deep elf high priest (Vaults:5)
  2 spectral humans
  7 skeletal warriors
  A shadow wraith (Vaults:2)
  13 flayed ghosts
  14 phantasmal warriors
  A deep elf mage (Vaults:1)
  An ugly thing (Depths:1)
  A cane toad (Lair:6)
  A yaktaur (Vaults:1)
  A freezing wraith (Vaults:5)
  A blink frog (Lair:6)
  A slime creature (Vaults:2)
  8 flying skulls
  9 vampires
  2 wraiths
  5 very ugly thing zombies
  A water moccasin (Lair:6)
  An orc warrior (Orc:2)
  5 quicksilver dragon zombies
  An ogre (Orc:2)
  2 storm dragon zombies
  3 titan zombies
  2 golden dragon zombies
  A storm dragon skeleton (Vaults:5)
  A spark wasp zombie (Spider:4)
  6 shadow dragon zombies
  An entropy weaver zombie (Spider:1)
  2 ghost moth zombies (Spider:4)
  5 draconian zombies
  3 fire giant zombies
  6 ugly thing zombies
  2 wights (D:10)
  7 stone giant zombies
  4 frost giant zombies
  5 wolf spider zombies
  2 yellow draconian zombies (Zot:1)
  An orc priest (Orc:2)
  3 red draconian zombies
  7 yaktaur zombies
  A demonic crawler zombie (Spider:1)
  4 green draconian zombies
  2 white draconian zombies
  3 stone giant skeletons
  A white draconian skeleton (Zot:2)
  4 moth of wrath zombies
  An alligator zombie (Swamp:1)
  A catoblepas zombie (Lair:6)
  9 deep troll zombies
  9 spriggan zombies
  An emperor scorpion zombie (Lair:2)
  3 hydra zombies
  A death yak zombie (Lair:5)
  8 ice dragon zombies
  An iron troll zombie (Depths:4)
  2 black draconian zombies
  2 ghoul skeletons
  An ice dragon skeleton (Vaults:5)
  22 redback zombies
  3 centaur zombies
  18 jumping spider zombies
  9 tarantella zombies
  An orb spider zombie (Spider:4)
  11 fire dragon zombies
  13 ogre zombies
  4 ettin zombies
  A human skeleton (Vaults:5)
  3 swamp dragon zombies (Swamp:4)
  6 two-headed ogre zombies
  5 tyrant leech zombies
  2 black mamba zombies
  A cyclops zombie (Vaults:1)
  6 vampire mosquito zombies
  2 bullfrog zombies
  A wolf zombie (Lair:4)
  4 blink frog zombies
  5 hornet zombies
  10 cane toad zombies
  3 elephant zombies (Lair:5)
  28 elf zombies
  4 hippogriff zombies
  16 human zombies
  2 komodo dragon zombies
  5 tengu zombies
  A warg zombie (Vaults:1)
  2 water moccasin zombies
  3 hog zombies (Lair:4)
  4 rime drake zombies (Lair:6)
  A yaktaur skeleton (Vaults:1)
  An orc (Orc:2)
  2 basilisk zombies (Lair:6)
  A crocodile zombie (Lair:6)
  2 kobold zombies (D:14)
  A steam dragon zombie (D:11)
  3 yak zombies (Lair:5)
  A bog body skeleton (Swamp:2)
  2 electric eel skeletons (Lair:3)
  An iguana zombie (D:11)
  22 orc zombies
  A sky beast zombie (D:11)
  2 swamp drake zombies (Swamp:4)
  A wyvern zombie (D:11)
  4 yak skeletons (D:14)
  9 fungi
  46 plants
  4 starspawn tentacles (Abyss:1)
528 creatures vanquished.

Grand Total: 3217 creatures vanquished

Notes
Turn   | Place    | Note
-------+----------+-------------------------------------------
     0 | D:1      | Apogee the Merfolk Gladiator began the quest for the Orb.
     0 | D:1      | Reached XP level 1. HP: 16/16 MP: 1/1
     3 | D:1      | Found a runed translucent door.
   281 | D:1      | Reached XP level 2. HP: 23/23 MP: 2/2
   401 | D:1      | Reached skill level 5 in Polearms
   754 | D:2      | Reached XP level 3. HP: 28/28 MP: 3/3
   788 | D:2      | Found a burning altar of Makhleb.
  1067 | D:2      | Found a faded altar of an unknown god.
  1098 | D:2      | Reached XP level 4. HP: 35/35 MP: 4/4
  1101 | D:2      | Found an iron altar of Okawaru.
  1434 | D:2      | Found an opulent altar of Gozag.
  1978 | D:3      | Reached skill level 5 in Dodging
  1978 | D:3      | Reached XP level 5. HP: 34/41 MP: 5/5
  2135 | D:3      | Found a runed translucent gate.
  2135 | D:3      | Found a runed translucent gate.
  2135 | D:3      | Found a runed translucent gate.
  2137 | D:3      | Noticed aaksess's ghost (amateur GnFi)
  2140 | D:3      | Noticed a big kobold
  2162 | D:3      | Found a snail-covered altar of Cheibriados.
  2359 | D:3      | HP: 2/41 [orc priest/nerve-wracking pain (10)]
  2855 | D:3      | Reached XP level 6. HP: 17/48 MP: 6/6
  3124 | D:3      | Found a shattered altar of Ashenzari.
  3465 | D:4      | Found a runed translucent gate.
  3466 | D:4      | Found a runed translucent gate.
  3897 | D:3      | Reached XP level 7. HP: 46/55 MP: 7/7
  4406 | D:4      | Found a runed translucent gate.
  4408 | D:4      | Noticed Yorgos's ghost (amateur PaFi)
  4590 | D:4      | Found a sacrificial altar of Ru.
  4929 | D:4      | Found a shimmering blue altar of Sif Muna.
  5000 | D:5      | Entered Level 5 of the Dungeon
  5247 | D:5      | Reached skill level 5 in Fighting
  5265 | D:5      | Reached XP level 8. HP: 62/62 MP: 8/8
  5283 | D:5      | Found Eshru's Antique Armour Shoppe.
  5420 | D:5      | Found a radiant altar of Vehumet.
  5428 | D:5      | Reached skill level 10 in Polearms
  5718 | D:5      | Found a staircase to the Ecumenical Temple.
  5729 | Temple   | Entered the Ecumenical Temple
  5767 | Temple   | Became a worshipper of Yredelemnul the Dark
  6146 | D:6      | Got a warped arbalest
  6283 | D:6      | Found an ancient bone altar of Kikubaaqudgha.
  6412 | D:6      | Found a shimmering blue altar of Sif Muna.
  6646 | D:6      | Found a glowing golden altar of the Shining One.
  7006 | D:7      | Reached XP level 9. HP: 62/71 MP: 9/9
  7099 | D:7      | Reached * piety under Yredelemnul
  8555 | D:8      | Reached ** piety under Yredelemnul
  9164 | D:8      | Noticed a centaur warrior
  9184 | D:8      | Killed a centaur warrior
  9184 | D:8      | Reached skill level 10 in Dodging
  9184 | D:8      | Reached XP level 10. HP: 26/80 MP: 10/10
  9464 | D:8      | Found a glowing golden altar of the Shining One.
  9500 | D:8      | Reached skill level 1 in Invocations
  9985 | D:8      | Found a hide-covered altar of Uskayaw.
 10063 | D:9      | Found a blossoming altar of Fedhas.
 10364 | D:9      | Found a shadowy altar of Dithmenos.
 10374 | D:9      | Found a glowing silver altar of Zin.
 10616 | D:9      | Reached *** piety under Yredelemnul
 10660 | D:9      | Received a gift from Yredelemnul (a wight)
 10677 | D:9      | Found a staircase to the Orcish Mines.
 11093 | D:5      | Bought a runed scarf for 208 gold pieces
 11248 | D:10     | Entered Level 10 of the Dungeon
 11261 | D:10     | Received a gift from Yredelemnul (a wight)
 11476 | D:10     | Reached skill level 1 in Evocations
 11579 | D:10     | Noticed a white ugly thing
 11591 | D:10     | Killed a white ugly thing
 11774 | D:10     | Paralysed by a hornet for 2 turns
 12440 | D:10     | Reached XP level 11. HP: 89/89 MP: 14/14
 12647 | D:11     | Received a gift from Yredelemnul (a wraith)
 12662 | D:11     | Reached skill level 15 in Polearms
 12662 | D:11     | Reached skill level 5 in Invocations
 12753 | D:11     | Noticed Fannar
 12771 | D:11     | Killed Fannar
 12870 | D:11     | Reached skill level 10 in Fighting
 13069 | D:11     | Reached **** piety under Yredelemnul
 13229 | D:11     | Found a staircase to the Lair.
 13238 | D:11     | Received a gift from Yredelemnul (5 flying skulls)
 13246 | D:11     | Your ally Fannar died
 13999 | D:12     | Noticed a green ugly thing
 14004 | D:12     | Reached skill level 5 in Evocations
 14013 | D:12     | Received a gift from Yredelemnul (a wraith)
 14046 | D:12     | Killed a green ugly thing
 14350 | D:12     | Reached XP level 12. HP: 91/97 MP: 17/17
 14459 | D:12     | Found Gufaeng's Antique Weapon Boutique.
 14506 | D:12     | Noticed Josephine
 14529 | D:12     | Killed Josephine
 15119 | Lair:1   | Entered Level 1 of the Lair of Beasts
 15571 | Lair:1   | Received a gift from Yredelemnul (a vampire)
 16176 | Lair:2   | You fall into a shaft and drop 1 floor!
 16310 | Lair:2   | Found a hole to the Spider Nest.
 16437 | Lair:2   | Got a translucent rapier
 17581 | Lair:3   | Found a staircase to the Swamp.
 18523 | Lair:4   | Noticed Kirke
 18541 | Lair:4   | Killed Kirke
 18669 | Lair:4   | Reached ***** piety under Yredelemnul
 18670 | Lair:4   | Received a gift from Yredelemnul (a vampire)
 18893 | Lair:4   | Found a runed translucent door.
 18896 | Lair:4   | Noticed Ahetudd's ghost (journeyman MiFi)
 18941 | Lair:4   | Noticed Nergalle
 18950 | Lair:4   | Killed Nergalle
 18950 | Lair:4   | Reached XP level 13. HP: 103/107 MP: 19/19
 19012 | Lair:4   | Got a shimmering glaive
 19013 | Lair:4   | Identified the cursed +1 glaive of Fedhas's Whim {flame,
                  | rPois rF+} (You found it on level 4 of the Lair of Beasts)
 19281 | Lair:5   | Received a gift from Yredelemnul (3 flying skulls)
 20475 | Lair:5   | Reached skill level 10 in Invocations
 20783 | Lair:6   | Entered Level 6 of the Lair of Beasts
 21630 | Lair:6   | Received a gift from Yredelemnul (a vampire)
 22021 | Lair:5   | Reached XP level 14. HP: 88/115 MP: 15/22
 22253 | Lair:6   | Received a gift from Yredelemnul (a phantasmal warrior)
 22326 | Lair:5   | Received a gift from Yredelemnul (a phantasmal warrior)
 23086 | Lair:6   | Got a fine leather armour
 23087 | Lair:6   | Identified the +1 leather armour of Too Many Cooks {Int+9}
                  | (You found it on level 6 of the Lair of Beasts)
 23542 | Lair:6   | Found a runed translucent door.
 23542 | Lair:6   | Found a viscous altar of Jiyva.
 23542 | Lair:6   | Found a staircase to the Slime Pits.
 23909 | D:13     | Received a gift from Yredelemnul (a vampire)
 24561 | D:13     | Found a gate to the Vaults.
 24628 | D:13     | Got a polished buckler
 25121 | D:14     | Noticed Frances
 25145 | D:14     | Killed Frances
 25145 | D:14     | Enslaved Frances
 25863 | D:14     | Received a gift from Yredelemnul (a flayed ghost)
 26409 | D:14     | Reached XP level 15. HP: 89/122 MP: 22/24
 27020 | D:15     | Entered Level 15 of the Dungeon
 27630 | D:15     | Identified the ring of Zitucem {+Blink rPois MP+9 EV+4
                  | Int-3}
 27630 | D:15     | Noticed Nessos
 27654 | D:15     | Killed Nessos
 28314 | D:15     | Found Moibb's Gadget Shop.
 28328 | D:15     | Your ally Nessos died
 28453 | D:15     | Found a shadowy altar of Dithmenos.
 28785 | D:15     | Found a staircase to the Depths.
 28799 | D:15     | Your ally Frances died
 29087 | Swamp:1  | Entered Level 1 of the Swamp
 29204 | Lair:3   | Received a gift from Yredelemnul (a phantasmal warrior)
 29239 | Swamp:1  | Reached skill level 15 in Dodging
 30117 | Swamp:1  | Received a gift from Yredelemnul (a ghoul)
 32018 | Swamp:2  | Received a gift from Yredelemnul (a phantasmal warrior)
 32328 | Swamp:3  | Noticed a thorn hunter
 32339 | Swamp:3  | Killed a thorn hunter
 32339 | Swamp:3  | Reached ****** piety under Yredelemnul
 32339 | Swamp:3  | Reached XP level 16. HP: 134/134 MP: 26/26
 32516 | Swamp:3  | Noticed Mara
 32587 | Swamp:3  | Noticed Apogee's illusion
 32928 | Swamp:3  | Noticed Apogee's illusion
 32928 | Swamp:3  | Killed Mara
 32928 | Swamp:3  | Reached skill level 15 in Fighting
 32928 | Swamp:3  | Reached skill level 15 in Invocations
 33295 | Swamp:4  | Entered Level 4 of the Swamp
 34221 | Swamp:4  | Received a gift from Yredelemnul (a flayed ghost)
 34354 | Swamp:4  | Received a gift from Yredelemnul (a ghoul)
 34589 | Swamp:4  | Reached skill level 1 in Armour
 34592 | Swamp:4  | Noticed the 27-headed Lernaean hydra
 35166 | Swamp:4  | Received a gift from Yredelemnul (a ghoul)
 35246 | Swamp:4  | Got a decaying rune of Zot
 35453 | Spider:1 | Entered Level 1 of the Spider Nest
 35795 | Lair:2   | Received a gift from Yredelemnul (a vampire knight)
 38869 | Spider:1 | Reached XP level 17. HP: 58/143 MP: 29/29
 39940 | Spider:1 | Received a gift from Yredelemnul (a phantasmal warrior)
 40023 | Spider:2 | Found the +7 Spriggan's Knife {stab, EV+4 Stlth+}
 40609 | Spider:2 | Got a wizard robe
 41009 | Spider:3 | Received a gift from Yredelemnul (a profane servitor)
 41185 | Spider:3 | Got a shimmering hand axe
 41222 | Spider:3 | Received a gift from Yredelemnul (a phantasmal warrior)
 41990 | Spider:4 | Entered Level 4 of the Spider Nest
 42014 | Spider:4 | Received a gift from Yredelemnul (a vampire)
 42074 | Spider:4 | Reached skill level 5 in Armour
 42725 | Spider:4 | Received a gift from Yredelemnul (a flayed ghost)
 42752 | Spider:4 | Received a gift from Yredelemnul (a vampire knight)
 43018 | Spider:4 | Received a gift from Yredelemnul (a skeletal warrior)
 43135 | Spider:4 | Got a gossamer rune of Zot
 43509 | Vaults:1 | Entered Level 1 of the Vaults
 45159 | Vaults:1 | Found Dophei's Armour Shoppe.
 45549 | Vaults:1 | Reached XP level 18. HP: 143/153 MP: 23/30
 45567 | Vaults:1 | Received a gift from Yredelemnul (a phantasmal warrior)
 45641 | Vaults:1 | Received a gift from Yredelemnul (a phantasmal warrior)
 46726 | Vaults:1 | Received a gift from Yredelemnul (a flayed ghost)
 47538 | Vaults:1 | Bought the +5 plate armour of Ohes Vut {+Fly rC+ Str+4} for
                  | 1015 gold pieces
 47655 | Vaults:1 | Noticed a lich
 47670 | Vaults:1 | Killed a lich
 47670 | Vaults:1 | Noticed a titan
 47684 | Vaults:1 | Killed a titan
 47732 | Vaults:1 | Received a gift from Yredelemnul (a skeletal warrior)
 47987 | Vaults:1 | Got a crude plate armour
 48715 | Vaults:1 | Reached XP level 19. HP: 66/163 MP: 31/31
 49112 | Vaults:2 | Received a gift from Yredelemnul (a bone dragon)
 49457 | Vaults:2 | Found Xoajuj's Weapon Shop.
 50129 | Vaults:2 | Cast into level 1 of the Abyss (vault sentinel)
 50138 | Abyss:1  | Found a stormy altar of Qazlal.
 50194 | Vaults:2 | Escaped the Abyss
 50330 | Vaults:2 | Received a gift from Yredelemnul (a flayed ghost)
 51187 | Vaults:3 | Received a gift from Yredelemnul (a profane servitor)
 51230 | Vaults:3 | Identified the cursed +1 plate armour of Zaum {rPois rF++
                  | Dex-3 Stlth+} (You found it on level 1 of the Vaults)
 51511 | Vaults:3 | Received a gift from Yredelemnul (a bone dragon)
 51630 | Vaults:3 | Found a runed translucent gate.
 51630 | Vaults:3 | Found a runed translucent gate.
 51630 | Vaults:3 | Found a runed translucent gate.
 51630 | Vaults:3 | Noticed a tentacled monstrosity
 51630 | Vaults:3 | Noticed a tentacled monstrosity
 51633 | Vaults:3 | Noticed a tentacled monstrosity
 51677 | Vaults:3 | Noticed a lich
 51694 | Vaults:3 | Killed a lich
 52181 | Vaults:3 | Received a gift from Yredelemnul (a phantasmal warrior)
 52305 | Vaults:3 | Reached skill level 10 in Armour
 52560 | Vaults:3 | Received a gift from Yredelemnul (a vampire knight)
 52661 | Vaults:3 | Found a staircase to the Crypt.
 53323 | Vaults:4 | Reached XP level 20. HP: 173/174 MP: 32/32
 53326 | Vaults:4 | Received a gift from Yredelemnul (a vampire)
 53778 | Vaults:4 | Received a gift from Yredelemnul (a vampire)
 54104 | Vaults:4 | Found a sparkling altar of Nemelex Xobeh.
 54583 | Vaults:4 | Received a gift from Yredelemnul (a ghoul)
 55137 | Depths:1 | Entered Level 1 of the Depths
 55164 | Depths:1 | Received a gift from Yredelemnul (a flayed ghost)
 55460 | Depths:1 | Received a gift from Yredelemnul (a ghoul)
 55880 | Depths:1 | Received a gift from Yredelemnul (a phantasmal warrior)
 56321 | Depths:1 | Noticed Nikola
 56351 | Depths:1 | Killed Nikola
 56722 | Depths:1 | Found a gateway to a ziggurat.
 56802 | Depths:1 | Got an ancient scimitar
 56944 | Depths:1 | Found a gateway to Hell.
 57180 | Depths:2 | Received a gift from Yredelemnul (a flayed ghost)
 57244 | Depths:2 | Reached XP level 21. HP: 95/183 MP: 25/33
 57279 | Depths:2 | Received a gift from Yredelemnul (a bone dragon)
 57842 | Depths:2 | Noticed a golden dragon
 57851 | Depths:2 | Killed a golden dragon
 57959 | Depths:2 | Identified the Papyrus of Intoxication
 58103 | Depths:2 | HP: 1/183 [quicksilver dragon/bolt of dispelling energy
                  | (20)]
 58110 | Depths:2 | Got an iridescent falchion
 58502 | Depths:2 | Got a steaming falchion
 59522 | Depths:2 | Identified the ring of Coug {*Slow +Inv rC+ Dex+5 Slay+3}
 59578 | Depths:2 | Identified the Almanac of Fanaticism
 60080 | Depths:2 | Got a pair of masterwork boots
 60091 | Depths:2 | Identified the +1 pair of boots "Kasamp" {-Cast +Blink rC++
                  | Dex+3} (You found it on level 2 of the Depths)
 60534 | Depths:2 | Got a pair of crude boots
 61404 | Depths:3 | Identified the cursed +0 pair of boots "Riezaema" {+Blink
                  | Int+3} (You found it on level 2 of the Depths)
 61988 | Depths:3 | Found Sauriunu's Gadget Shoppe.
 62026 | Depths:3 | Received a gift from Yredelemnul (a vampire)
 62190 | Depths:3 | Found a one-way gate leading to the halls of Pandemonium.
 62420 | Depths:3 | Reached XP level 22. HP: 165/190 MP: 35/35
 63071 | Depths:3 | Received a gift from Yredelemnul (a ghoul)
 63254 | Depths:3 | Noticed a juggernaut
 63265 | Depths:3 | Killed a juggernaut
 63277 | Depths:3 | Noticed a juggernaut
 63294 | Depths:3 | Killed a juggernaut
 63607 | Depths:3 | Got a distressingly furry chain mail
 64368 | Depths:4 | Received a gift from Yredelemnul (a ghoul)
 64841 | Depths:4 | Received a gift from Yredelemnul (a ghoul)
 65111 | Depths:4 | Paralysed by a floating eye for 4 turns
 65122 | Depths:4 | Paralysed by a floating eye for 4 turns
 65547 | Depths:4 | Received a gift from Yredelemnul (a vampire knight)
 65791 | Depths:4 | Identified the +7 chain mail of Creativity {*Slow rC+
                  | Dex+4} (You found it on level 3 of the Depths)
 65811 | Depths:4 | Found a one-way gate to the infinite horrors of the Abyss.
 66334 | Depths:5 | Entered Level 5 of the Depths
 66926 | Depths:5 | Reached XP level 23. HP: 173/198 MP: 37/37
 67060 | Depths:5 | Found a gate to the Realm of Zot.
 67068 | Depths:5 | Noticed Louise
 67091 | Depths:5 | Killed Louise
 67091 | Depths:5 | Enslaved Louise
 67099 | Depths:5 | Your ally Louise died
 67200 | Depths:5 | Noticed a golden dragon
 67228 | Depths:5 | Killed a golden dragon
 67404 | Depths:5 | Received a gift from Yredelemnul (a ghoul)
 68778 | Slime:1  | Entered Level 1 of the Pits of Slime
 69149 | Slime:1  | Received a gift from Yredelemnul (a ghoul)
 70392 | Slime:2  | Gained mutation: You are frail. (-10% HP) [a shining eye]
 70394 | Slime:2  | Lost mutation: You are frail. (-10% HP) [potion of
                  | mutation]
 70394 | Slime:2  | Gained mutation: Scrolls take you a little longer to read.
                  | [potion of mutation]
 70394 | Slime:2  | Gained mutation: You evolve. [potion of mutation]
 70394 | Slime:2  | Gained mutation: You are partially covered in yellow
                  | scales. (AC +2) [potion of mutation]
 70395 | Slime:2  | Lost mutation: Scrolls take you a little longer to read.
                  | [potion of mutation]
 70395 | Slime:2  | Gained mutation: Your flesh is cold resistant. (rC+)
                  | [potion of mutation]
 70395 | Slime:2  | Gained mutation: Your movements are slightly less
                  | encumbered by armour. (ER -2) [potion of mutation]
 70464 | Slime:3  | Gained mutation: Scrolls take you a little longer to read.
                  | [a shining eye]
 70475 | Slime:3  | Gained mutation: Your magical capacity is low. (-10% MP) [a
                  | shining eye]
 70770 | Slime:3  | Lost mutation: Scrolls take you a little longer to read.
                  | [potion of mutation]
 70770 | Slime:3  | Lost mutation: Your magical capacity is low. (-10% MP)
                  | [potion of mutation]
 70770 | Slime:3  | Lost mutation: Your movements are slightly less encumbered
                  | by armour. (ER -2) [potion of mutation]
 70770 | Slime:3  | Gained mutation: You are partially covered in iridescent
                  | scales. (AC +2) [potion of mutation]
 70770 | Slime:3  | Gained mutation: You are agile. (Dex +2) [potion of
                  | mutation]
 70770 | Slime:3  | Gained mutation: You are resistant to hostile enchantments.
                  | (MR+) [potion of mutation]
 70922 | Slime:3  | Received a gift from Yredelemnul (a skeletal warrior)
 71045 | Slime:4  | Reached skill level 5 in Throwing
 71433 | Slime:5  | Entered Level 5 of the Pits of Slime
 71670 | Slime:5  | Lost mutation: You are agile. (Dex +2) [a shining eye]
 71699 | Slime:5  | Received a gift from Yredelemnul (a ghoul)
 71810 | Slime:5  | Noticed the Royal Jelly
 71827 | Slime:5  | Killed the Royal Jelly
 71903 | Slime:5  | Noticed Dissolution
 71998 | Slime:4  | Lost mutation: You evolve. [evolution]
 72047 | Slime:5  | Gained mutation: You occasionally shout uncontrollably at
                  | your foes. [a shining eye]
 72247 | Slime:5  | Received a gift from Yredelemnul (a phantasmal warrior)
 72467 | Slime:5  | Paralysed by a floating eye for 4 turns
 72477 | Slime:5  | Killed Dissolution
 72830 | Slime:5  | Gained mutation: Your body sometimes deteriorates upon
                  | taking damage. [a shining eye]
 72851 | Slime:5  | Reached XP level 24. HP: 198/216 MP: 37/37
 72911 | Slime:5  | Identified the Disquisition on Quantum Companions
 72970 | Slime:5  | Got a slimy rune of Zot
 73512 | Zot:1    | Entered Level 1 of the Realm of Zot
 73800 | Zot:1    | Received a gift from Yredelemnul (a flayed ghost)
 74322 | Zot:1    | Reached skill level 10 in Throwing
 75067 | Zot:1    | Received a gift from Yredelemnul (a skeletal warrior)
 77182 | Zot:3    | Noticed a Killer Klown
 77225 | Zot:2    | Killed a Killer Klown
 77527 | Zot:3    | Received a gift from Yredelemnul (a bone dragon)
 77907 | Zot:4    | Noticed a curse toe
 77917 | Zot:4    | Noticed a curse toe
 77928 | Zot:4    | Killed a curse toe
 78481 | Zot:4    | Killed a curse toe
 78481 | Zot:4    | Reached XP level 25. HP: 223/223 MP: 37/37
 78482 | Zot:4    | Received a gift from Yredelemnul (a skeletal warrior)
 78502 | Zot:5    | Entered Level 5 of the Realm of Zot
 78870 | Orc:1    | Entered Level 1 of the Orcish Mines
 79201 | Orc:2    | Entered Level 2 of the Orcish Mines
 79447 | Orc:2    | Found a roughly hewn altar of Beogh.
 79456 | Orc:2    | Received a gift from Yredelemnul (a vampire knight)
 79544 | Orc:2    | Found Sofull's Armour Boutique.
 79568 | Orc:2    | Received a gift from Yredelemnul (a profane servitor)
 80203 | Orc:2    | Found a staircase to the Elven Halls.
 80246 | Orc:2    | Reached skill level 15 in Throwing
 80442 | Orc:2    | Found Gol Beero's Jewellery Shoppe.
 80451 | Orc:2    | Bought the amulet of Vatoe {Faith rF+ Dex+3} for 904 gold
                  | pieces
 80532 | Orc:2    | Found a roughly hewn altar of Beogh.
 80535 | Orc:2    | Received a gift from Yredelemnul (a flayed ghost)
 80727 | Orc:2    | Found Kuirr's Jewellery Boutique.
 80737 | Orc:2    | Found Decoudoz's Jewellery Shop.
 80892 | Elf:1    | Entered Level 1 of the Elven Halls
 80902 | Elf:1    | Received a gift from Yredelemnul (a flayed ghost)
 81217 | Elf:1    | Received a gift from Yredelemnul (a ghoul)
 81500 | Elf:1    | Identified Vehumet's Handbook of Confrontation
 81691 | Elf:1    | Found a runed translucent door.
 81691 | Elf:1    | Noticed Fixaar's ghost (adept DrVM)
 82049 | Elf:2    | Received a gift from Yredelemnul (a bone dragon)
 82103 | Elf:2    | Received a gift from Yredelemnul (a phantasmal warrior)
 82473 | Elf:2    | Found a runed translucent gate.
 82474 | Elf:2    | Found a runed translucent gate.
 82475 | Elf:2    | Found a runed translucent gate.
 82579 | Elf:2    | Identified the Guide on Transmutation and Flight
 82718 | Elf:2    | Found a shimmering blue altar of Sif Muna.
 82966 | Elf:3    | Entered Level 3 of the Elven Halls
 82992 | Elf:3    | Found a radiant altar of Vehumet.
 83926 | Elf:3    | Identified the cursed +2 battleaxe "Wuenoh" {vorpal, +Inv
                  | rPois MR-}
 84305 | Elf:3    | Received a gift from Yredelemnul (a flayed ghost)
 84306 | Elf:3    | Identified the ring "Dimuru" {Wiz rF+ Str+3 Int+4}
 84604 | Elf:3    | Identified the ring "Biol" {rElec rPois MP+9 Str+4 Slay+4
                  | Stlth-}
 84618 | Elf:3    | Identified the ring of the Will of the Gods {Wiz rElec
                  | Str-4 Int+4}
 84680 | Elf:3    | Identified the +1 quarterstaff "Jellyslayer" {speed, +Rage}
 84723 | Elf:3    | Identified the +3 rapier of Yqidd {pain, MR+ Dex+2}
 84723 | Elf:3    | Identified the amulet of Viublaa {Spirit rElec}
 84737 | Elf:3    | Received a gift from Yredelemnul (a vampire knight)
 84842 | Elf:3    | Identified the +2 plate armour of the Barber Surgeon {Str+5
                  | Slay+3}
 84892 | Elf:3    | Received a gift from Yredelemnul (a flayed ghost)
 85039 | Elf:3    | Identified the Reference Book on Freezing Clay
 85042 | Elf:3    | Got a bloodstained ring mail
 85584 | Vaults:5 | Entered Level 5 of the Vaults
 85587 | Vaults:5 | Noticed an ancient lich
 85588 | Vaults:5 | Noticed Mennas
 85589 | Vaults:5 | Received a gift from Yredelemnul (a ghoul)
 85592 | Vaults:5 | Received a gift from Yredelemnul (a skeletal warrior)
 85598 | Vaults:5 | Reached XP level 26. HP: 176/231 MP: 37/37
 85650 | Vaults:5 | Received a gift from Yredelemnul (a phantasmal warrior)
 85743 | Vaults:5 | Received a gift from Yredelemnul (a phantasmal warrior)
 85769 | Vaults:5 | Killed Mennas
 85769 | Vaults:5 | Enslaved Mennas
 85781 | Vaults:5 | Found Gijureq's Distillery.
 85858 | Vaults:5 | Received a gift from Yredelemnul (a flayed ghost)
 85938 | Vaults:5 | Identified the +7 arbalest of Hilus {venom, *Slow rElec
                  | Str+9 Dex-4}
 85953 | Vaults:5 | Your ally Mennas died
 85993 | Vaults:5 | Received a gift from Yredelemnul (a vampire)
 86008 | Vaults:5 | Found Nelocuid's Magic Scroll Shoppe.
 86008 | Vaults:5 | Found Qosu Yje's Antique Armour Shoppe.
 86097 | Vaults:5 | Noticed Margery
 86112 | Vaults:5 | Killed an ancient lich
 86112 | Vaults:5 | Reached skill level 15 in Armour
 86123 | Vaults:5 | Killed Margery
 86210 | Vaults:5 | Received a gift from Yredelemnul (a vampire knight)
 86313 | Vaults:5 | Received a gift from Yredelemnul (a skeletal warrior)
 86667 | Vaults:5 | Received a gift from Yredelemnul (a profane servitor)
 86723 | Vaults:5 | Got a faintly glowing leather armour
 86927 | Vaults:5 | Identified the Volume of the Warped Rocks
 86930 | Vaults:5 | Noticed an ancient lich
 86940 | Vaults:5 | Killed an ancient lich
 87022 | Vaults:5 | Got a silver rune of Zot
 87060 | Vaults:5 | Identified the +3 triple crossbow of the Insatiable Priests
                  | {penet, Int+3}
 87237 | Vaults:5 | Reached XP level 27. HP: 238/238 MP: 38/38
 87337 | Vaults:5 | Got a jewelled leather armour
 87425 | Vaults:5 | Found Egukaonk's Antique Armour Boutique.
 87534 | Crypt:1  | Entered Level 1 of the Crypt
 87577 | Crypt:1  | Reached skill level 1 in Crossbows
 87581 | Crypt:1  | Received a gift from Yredelemnul (a bone dragon)
 87827 | Crypt:1  | Found a basalt altar of Yredelemnul.
 87839 | Crypt:1  | Received a gift from Yredelemnul (a ghoul)
 88061 | Crypt:1  | Received a gift from Yredelemnul (a skeletal warrior)
 88512 | Crypt:2  | Received a gift from Yredelemnul (a ghoul)
 88987 | Crypt:2  | Received a gift from Yredelemnul (a profane servitor)
 89052 | Crypt:2  | Noticed Donald
 89062 | Crypt:2  | Killed Donald
 89254 | Crypt:2  | Reached skill level 5 in Crossbows
 89420 | Crypt:3  | Entered Level 3 of the Crypt
 89459 | Crypt:2  | Received a gift from Yredelemnul (a vampire)
 89873 | Crypt:3  | Found a magical portal.
 90354 | Crypt:3  | Got a steaming shortbow
 90533 | Crypt:3  | Received a gift from Yredelemnul (a vampire knight)
 90966 | Crypt:3  | Received a gift from Yredelemnul (a phantasmal warrior)
 91040 | Crypt:3  | Noticed a greater mummy
 91046 | Crypt:3  | Noticed Khufu
 91051 | Crypt:3  | Killed a greater mummy
 91064 | Crypt:3  | Killed Khufu
 91436 | Crypt:3  | Found a staircase to the Tomb.
 91442 | Crypt:3  | Received a gift from Yredelemnul (a phantasmal warrior)
 91884 | Crypt:3  | Found an ancient bone altar of Kikubaaqudgha.
 91887 | Crypt:3  | Found a basalt altar of Yredelemnul.
 91920 | Crypt:3  | Identified Omulud's Grimoire of Confrontation and Changing
 91949 | Crypt:3  | Identified Kikubaaqudgha's Catalogue of Evil
 91969 | Crypt:3  | Got a sparkling marble ring
 91969 | Crypt:3  | Got a scorched silver amulet
 91969 | Crypt:3  | Got a smoking bone ring
 91974 | Crypt:3  | Identified the ring "Omie" {rN+ Str+5 Int+2} (You found it
                  | on level 3 of the Crypt)
 91975 | Crypt:3  | Identified the ring of Zoeraoh {rN+ Str+4 Dex-5 Slay+6}
                  | (You found it on level 3 of the Crypt)
 91976 | Crypt:3  | Identified the amulet "Koocs" {*Slow +Inv rElec rC- Regen+}
                  | (You found it on level 3 of the Crypt)
 93134 | Zot:5    | Found a runed translucent door.
 93137 | Zot:5    | Noticed Nahar's ghost (legendary DDFi)
 94444 | Zot:5    | Noticed an orb of fire
 94453 | Zot:5    | Gained mutation: You tend to lose your temper in combat.
                  | [an orb of fire]
 94455 | Zot:5    | Gained mutation: You are clumsy. (Dex -2) [an orb of fire]
 94457 | Zot:5    | Gained mutation: Armour fits poorly on your strangely
                  | shaped body. [an orb of fire]
 94464 | Zot:5    | Gained mutation: Scrolls take you a little longer to read.
                  | [an orb of fire]
 94473 | Zot:5    | Lost mutation: Armour fits poorly on your strangely shaped
                  | body. [an orb of fire]
 94476 | Zot:5    | Killed an orb of fire
 94488 | Zot:5    | Lost mutation: Scrolls take you a little longer to read.
                  | [potion of mutation]
 94488 | Zot:5    | Lost mutation: Your flesh is cold resistant. (rC+) [potion
                  | of mutation]
 94488 | Zot:5    | Lost mutation: You are partially covered in yellow scales.
                  | (AC +2) [potion of mutation]
 94488 | Zot:5    | Gained mutation: You are surrounded by a mild repulsion
                  | field. (EV +2) [potion of mutation]
 94542 | Zot:5    | Received a gift from Yredelemnul (a vampire knight)
 94849 | Zot:5    | Lost mutation: You occasionally shout uncontrollably at
                  | your foes. [potion of mutation]
 94849 | Zot:5    | Lost mutation: You tend to lose your temper in combat.
                  | [potion of mutation]
 94849 | Zot:5    | Gained mutation: You have sharp fingernails. [potion of
                  | mutation]
 94849 | Zot:5    | Lost mutation: You are clumsy. (Dex -2) [potion of
                  | mutation]
 94849 | Zot:5    | Gained mutation: You are somewhat resistant to further
                  | mutation. [potion of mutation]
 94887 | Zot:5    | Noticed an ancient lich
 94907 | Zot:5    | Killed an ancient lich
 94954 | Zot:5    | HP: 4/238 [Orb Guardian (15)]
 94954 | Zot:5    | Annihilated by an Orb Guardian

Illustrated notes

Levels and vault maps discovered:
D:1:      dpeg_arrival_caged_fury, layout_basic
D:2:      layout_basic, okawaru_altar_gauntlet_db, old_standard_altar,
          chequers_ecumenical_altar_island, nicolae_gozag_seed_capital
D:3:      layout_basic, evilmike_ruin_ashenzari, cheibriados_altar_1,
          gammafunk_ghost_nasty_kobolds
D:4:      layout_cave_pools, kennysheep_mini_moat, kennysheep_little_box,
          ebering_ghost_rock_garden
D:5:      layout_basic, minmay_temple_entry_junction, basic_altar, serial_shops,
          shop, mrwooster_statue_mirror, serial_bayou_lagoon_a,
          kennysheep_flooded_box, minivault_4
D:6:      layout_basic, overflow_temple_1_default, basic_altar, tso_metal_star
D:7:      layout_gridville
D:8:      layout_rooms, lemuel_round_altar, lemuel_coloured_pillars_altar,
          hangedman_decor_riveting, skrybe_limestone_x
D:9:      layout_irregular_city, old_standard_altar,
          amethyst_overflow_temple_binary, hiddenorc1_lemuel, minmay_nine_imps
D:10:     layout_basic
D:11:     layout_basic, minmay_lair_entry_grove, portal_ice_cave_demonic_guard,
          minmay_misc_feat_encased, minmay_strange_pillars,
          hangedman_misty_isle, uniq_fannar
D:12:     layout_loops_ring, serial_shops, shop_statue, hive_lemuel,
          uniq_josephine
D:13:     layout_irregular_city, grunt_vaults_entry_fortified
D:14:     argonaut_augean_stables, layout_basic, corexii_leaking_fountain,
          uniq_frances
D:15:     grunt_enter_depths_magical_seal, layout_loops_cross, serial_shops,
          shop, hangedman_decor_lopped,
          nicolae_dithmenos_through_a_glass_darkly, uniq_nessos
Temple:   dpeg_three_leaves_temple
Lair:1:   layout_concentric_octagons
Lair:2:   layout_gridlike, nicolae_spider_entry_non_spiders,
          guppyfry_lair_drakes
Lair:3:   statuecave_lemuel, layout_regular_city, minmay_swamp_entry_eels,
          grunt_megastairs_2
Lair:4:   layout_hall_layers, hellmonk_ghost_happy_afterlife,
          hibernation_bobbens, uniq_nergalle, uniq_kirke
Lair:5:   layout_hall_layers, kilobyte_rumbling_trees
Lair:6:   minmay_lair_end_frog_pond, layout_concentric_octagons, slime_altar_2,
          minmay_lair_drake_nest
Swamp:1:  layout_falls_marsh, evilmike_swamp_ruin_rubble_1, swamp_pool1
Swamp:2:  layout_basic_swamp, evilmike_swamp_ruin_house_1
Swamp:3:  layout_basic_swamp, evilmike_swamp_ruin_rubble_2, uniq_mara
Swamp:4:  swamp_old_school, layout_basic_swamp, swamp_pool5,
          nicolae_swamp_hydra_murder_den, infiniplex_staircase_pool_2
Spider:1: layout_spider_delve, einodemon_crawler_minivault
Spider:2: layout_spider_delve
Spider:3: layout_spider_delve, hangedman_spider_tarantella_strand
Spider:4: grunt_spider_rune_parallel, drop_trap
Slime:1:  layout_caves
Slime:2:  layout_caves
Slime:3:  layout_caves
Slime:4:  layout_caves
Slime:5:  uniq_dissolution
Orc:1:    layout_caves, serial_shops, shop_statue
Orc:2:    pubby_orc_utopia
Elf:1:    layout_geoelf_diagonals, ebering_ghost_inner_flame,
          minmay_elf_sorcery, grunt_ministairs_11, nicolae_elf_big_sculpture_1,
          drop_trap
Elf:2:    layout_onion_city, basic_altar
Elf:3:    minmay_elf_hall_statues, layout_geoelf_castle, basic_altar,
          minivault_16
Vaults:1: st_greater_box_4, ontoclasm_vaults_bender,
          nicolae_vaults_stairing_the_circle, hangedman_vaults_hat,
          hangedman_vaults_stream, ontoclasm_vaults_misaligned, v_pattern_5,
          v_misc_14, nicolae_vaults_ring_of_whatevers, ontoclasm_vaults_fault,
          layout_vaults_maze_bifur, serial_shops, shop_statue
Vaults:2: nicolae_vaults_little_squares_4, st_smaller_cells, v_misc_33,
          nicolae_vaults_little_squares_6, hangedman_vaults_maws,
          vaults_room_octagon, nicolae_vaults_rhombus_7, serial_ice_b,
          vaults_mumra_chevron, nicolae_vaults_little_squares_2,
          nicolae_vaults_angled_halls, layout_vaults_big_room, serial_shops,
          shop
Vaults:3: ploomutoo_gammafunk_vaults_ghost_potion_laboratory,
          hangedman_vaults_impose, ontoclasm_vaults_ring_small,
          nicolae_vaults_network_square, hangedman_vaults_maws, st_eye,
          ontoclasm_vaults_misaligned, minmay_crypt_entry_vampire_xt,
          nicolae_vaults_hallways_thing, vaults_dpeg_diagonal, v_misc_3,
          v_misc_15, vaults_room_hallway, layout_vaults_ring
Vaults:4: nicolae_vaults_what_the_h, nicolae_vaults_display_case,
          grunt_vaults_twisty, v_misc_17, nicolae_vaults_little_squares_2,
          vaults_room_door_ring, vaults_room_corners,
          nicolae_vaults_ring_of_whatevers, layout_vaults_omnigrid, basic_altar
Vaults:5: uniq_margery, uniq_mennas
Crypt:1:  layout_rooms, basic_altar, grunt_crypt_arrival_webbed
Crypt:2:  layout_gridlike, minmay_misc_feat_columns, palyth_stone_intersect,
          uniq_donald
Crypt:3:  lightli_unholy_cathedral, layout_chaotic_city,
          tomb_entry_pyramid_bobbens, infiniplex_enter_wizlab_glasses,
          uniq_khufu
Depths:1: layout_roguey, enter_ziggurat_a, lightli_too_deep,
          chequers_serial_rivers_small_3, minmay_orc_keep, grunt_megastairs_4,
          uniq_nikola
Depths:2: box_level_dp, hell_entry
Depths:3: minmay_the_grid_octo_tiled_squarecenter [minmay_the_grid_octo_teeth,
          minmay_the_grid_octo_vomiting_pacman, minmay_the_grid_octo_focus,
          minmay_the_grid_octo_clover_2,
          minmay_the_grid_square_5x5_megaprize_open,
          minmay_the_grid_square_5x5_detours, minmay_the_grid_square_5x5_spiral,
          minmay_the_grid_square_5x5_two_walls_a,
          minmay_the_grid_square_5x5_one_wall], layout_basic, abandoned_shop,
          serial_shops, shop, hell_entry, rand_demon_pan_entry_1,
          kennysheep_generic_room_6, infiniplex_staircase_star
Depths:4: minmay_blocking_statues, layout_basic, grunt_hell_entry_dis_grunt,
          abyss_entry, hangedman_decor_peaks_small, kennysheep_generic_room_15
Depths:5: evilmike_zot_entry_diamond, layout_gridville,
          nicolae_abyss_entry_one_way_or_another, hangedman_tar_grid_catacomb,
          drop_trap, serial_bayou_shore_b
Zot:1:    layout_basic, grunt_ministairs_3
Zot:2:    layout_cellular_growth
Zot:3:    layout_cellular_growth, ebering_ghost_inner_flame, grunt_megastairs_3
Zot:4:    layout_twisted_circle, grunt_megastairs_5
Zot:5:    layout_misc_corridors, ebering_ghost_reflecting_pool, st_stairs_3,
          grunt_ministairs_9

Skill      XL: |  1  2  3  4  5  6  7  8  9 10 11 12 13 14 15 16 17 18 19 20 21 22 23 24 25 26 27 |
---------------+----------------------------------------------------------------------------------+-----
Polearms       | 5 6 7 8 9 11 14 16 18 20 | 20.0
Fighting       | 3 4 5 6 8 9 10 11 12 14 15 16 18 19 20 23 24 | 24.0
Dodging        | 5 6 7 8 10 12 13 15 16 17 19 20 22 24 | 24.0
Invocations    | 4 7 8 11 12 14 16 17 18 20 22 | 22.1
Evocations     | 2 5 8 |  8.0
Armour         | 3 6 8 10 11 12 14 15 17 | 17.8
Throwing       | 8 14 16 | 16.0
Crossbows      | 9 |  9.8

Action                   |  1- 3 |  4- 6 |  7- 9 | 10-12 | 13-15 | 16-18 | 19-21 | 22-24 | 25-27 || total
-------------------------+-------+-------+-------+-------+-------+-------+-------+-------+-------++-------
Melee: Trident           |    97 |   215 |   548 |    91 |       |       |       |       |       ||   951
       Halberd           |       |       |    26 |   716 |     1 |       |       |       |       ||   743
       Unarmed           |       |       |       |     5 |       |       |       |       |       ||     5
       Tailslap          |       |       |       |     2 |    20 |    20 |    11 |    16 |       ||    69
       Glaive            |       |       |       |       |  1238 |  1175 |  1454 |  1837 |  2039 ||  7743
 Fire: Triple crossbow   |       |       |       |       |       |       |       |       |     1 ||     1
Throw: Throwing net      |       |     1 |       |       |     3 |     1 |       |       |       ||     5
       Javelin           |       |       |       |       |       |       |       |    13 |       ||    13
Invok: Animate Dead      |       |       |       |    18 |    60 |   129 |    70 |    46 |    66 ||   389
       Recall Undead Sla |       |       |       |     6 |     7 |     7 |     7 |     2 |     3 ||    32
       Drain Life        |       |       |       |     1 |    15 |    27 |    23 |    16 |    26 ||   108
       Enslave Soul      |       |       |       |       |     1 |     1 |       |     1 |     1 ||     4
       Injury Mirror     |       |       |       |       |       |     1 |       |       |       ||     1
 Abil: Evoke Invisibilit |       |       |       |       |       |     2 |       |       |       ||     2
       Evoke Blink       |       |       |       |       |       |       |     3 |       |     1 ||     4
Evoke: Wand              |       |       |       |     1 |     3 |    40 |    14 |     8 |       ||    66
  Use: Scroll            |       |       |     4 |    13 |    15 |    11 |    13 |    21 |    17 ||    94
       Potion            |       |       |     1 |     2 |     6 |     7 |    10 |    12 |    12 ||    50
 Stab: Sleeping          |     3 |     5 |     2 |     7 |    10 |     3 |       |       |       ||    30
       Distracted        |     1 |       |       |     2 |    12 |    21 |    27 |    17 |    39 ||   119
       Held in net/web   |       |     1 |       |       |     3 |     5 |       |       |       ||     9
       Petrified         |       |       |       |       |     3 |       |       |       |       ||     3
       Invisible         |       |       |       |       |       |     5 |       |       |     2 ||     7
       Confused          |       |       |       |       |       |     1 |     1 |     1 |       ||     3
       Paralysed         |       |       |       |       |       |       |     3 |       |     5 ||     8
Armor: Leather armour    |    13 |    45 |    45 |       |       |       |       |       |       ||   103
       Ring mail         |       |       |    73 |    48 |       |       |       |       |       ||   121
       Skin              |       |       |     9 |    30 |       |       |       |       |    13 ||    52
       Steam dragon scal |       |       |       |    18 |   175 |     7 |       |       |       ||   200
       Swamp dragon scal |       |       |       |       |       |   163 |       |       |       ||   163
       Plate armour      |       |       |       |       |       |    31 |   417 |   640 |   204 ||  1292
       Gold dragon scale |       |       |       |       |       |       |       |       |   511 ||   511
Dodge: Dodged            |    50 |   171 |   317 |   384 |  1066 |  1620 |  1176 |  1496 |  1615 ||  7895

Table legend: (Time is in decaauts)
 A = Elapsed time spent in this place.
 B = Non-inter-level travel time spent in this place.
 C = Inter-level travel time spent in this place.
 D = Time resting spent in this place.
 E = Time spent auto-exploring this place.
 F = Levels seen in this place.
 G = Mean time per level.
                   A        B        C        D        E       F      G
               +--------+--------+--------+--------+--------+-----+--------+
         Total |  91825 |  84787 |   7038 |  29534 |  38260 |  59 | 1556.4 |
       Dungeon |  23089 |  20618 |   2471 |   6584 |  10651 |  15 | 1539.3 |
        Temple |     48 |     48 |      0 |      0 |     30 |   1 |   48.0 |
          Lair |  12880 |  11420 |   1460 |   5175 |   4636 |   6 | 2146.7 |
         Swamp |   5609 |   5407 |    202 |   2096 |   2186 |   4 | 1402.2 |
   Spider Nest |   5003 |   4825 |    178 |   2015 |   1493 |   4 | 1250.8 |
    Slime Pits |   3053 |   2974 |     79 |   1794 |    138 |   5 |  610.6 |
  Orcish Mines |   1966 |   1835 |    131 |    154 |   1221 |   2 |  983.0 |
   Elven Halls |   4252 |   4033 |    219 |    328 |   2887 |   3 | 1417.3 |
        Vaults |  11732 |  10845 |    887 |   2266 |   6065 |   5 | 2346.4 |
         Crypt |   4406 |   4294 |    112 |   1636 |   1800 |   3 | 1468.7 |
        Depths |  13121 |  12232 |    889 |   4339 |   5543 |   5 | 2624.2 |
           Zot |   6602 |   6196 |    406 |   3145 |   1606 |   5 | 1320.4 |
         Abyss |     59 |     59 |      0 |      0 |      0 |   1 |   59.0 |
               +--------+--------+--------+--------+--------+-----+--------+

Top non-repeatable levels by time:
Depths:2: 4235 daAuts
Vaults:1: 3701 daAuts
  Lair:2: 3567 daAuts
   Zot:1: 3096 daAuts
    D:13: 2972 daAuts
  Lair:5: 2854 daAuts
Depths:3: 2529 daAuts
Depths:5: 2483 daAuts
    D:15: 2395 daAuts
    D:14: 2376 daAuts
 Crypt:3: 2363 daAuts
Depths:4: 2212 daAuts
Vaults:3: 2208 daAuts
   Elf:3: 2148 daAuts
Vaults:4: 2102 daAuts
